 Dungeon Crawl Stone Soup version 0.27-a0-1200-g94dc6ad4cf (webtiles) character file.

Game seed: 17339468645486475240

81 flotson the Sneak (level 4, 0/52 HPs)
             Began as a Demonspawn Delver on May 31, 2021.
             Succumbed to an adder's poison
             ... on level 2 of the Dungeon.
             The game lasted 00:06:12 (3598 turns).

flotson the Sneak (Demonspawn Delver)               Turns: 3598, Time: 00:06:13

Health: 0/52       AC: 22    Str: 14    XL:     4   Next: 20%
Magic:  4/4        EV:  2    Int: 11    God:
Gold:   143        SH: 11    Dex: 14    Spells: 3/3 levels left

rFire    . . .     SeeInvis .   a - +0 spear
rCold    . . .     Faith    .   e - +0 tower shield
rNeg     + + +     Spirit   .   (armour currently unavailable)
rPois    +         Reflect  .   (helmet currently unavailable)
rElec    .         Harm     .   (cloak currently unavailable)
rCorr    .         Rampage  .   (gloves currently unavailable)
Will     .....     NoTele   +   (boots currently unavailable)
Stlth    +++.......             (no amulet)
HPRegen  0.17/turn              (no ring)
MPRegen  0.18/turn              (no ring)

@: mighty, brilliant, lethally poisoned (0 -> -2), tree-form, attractive,
hasted, very quick
A: stationary, stasis, torment immunity, boosted hp, (claws 1), magic
regeneration
a: no special abilities


You were on level 2 of the Dungeon.
You were a tree.
You visited 1 branch of the dungeon, and saw 5 of its levels.

You collected 143 gold pieces.

Inventory:

Hand Weapons
 a - a +0 spear (weapon)
 b - a +0 hunting sling
Missiles
 j - 14 sling bullets
 s - 46 stones (quivered)
Armour
 e - a +0 tower shield (worn)
 h - a +0 ring mail (melded)
Jewellery
 p - a ring of protection from cold
Wands
 g - a wand of digging (3)
Scrolls
 c - a scroll of fog
 d - 2 scrolls of magic mapping
 i - a scroll of blinking {unknown}
 l - a scroll of fear
 m - 4 scrolls of identify {unknown}
 o - a scroll of summoning {unknown}
 r - a scroll of enchant armour {unknown}
 t - a scroll of enchant weapon {unknown}
 v - a scroll of amnesia {unknown}
Potions
 f - 2 potions of haste


   Skills:
 + Level 3.3 Fighting
 + Level 1.2(1.7) Axes
 - Level 1.7(2.0) Polearms
 + Level 1.3 Armour
 + Level 2.3 Dodging
 + Level 4.8 Stealth
 + Level 1.0 Shields


You had 3 spell levels left.
You didn't know any spells.
Your spell library contained the following spells:

 Spells                   Type           Power      Damage    Failure   Level
 Shock                    Conj/Air       0%         1d3       100%        1
 Static Discharge         Conj/Air       0%         N/A       100%        2
 Swiftness                Air            0%         N/A       100%        3
 Airstrike                Air            0%         N/A       100%        4
 Lightning Bolt           Conj/Air       0%         1d11      100%        5


Dungeon Overview and Level Annotations

Branches:
Dungeon (5/15)
 Temple: D:4-7

Altars:

Shops:
D:1 [   D:2 *


Innate Abilities, Weirdness & Mutations

You are a tree.
Your roots penetrate the ground, keeping you stationary.
You cannot be teleported.
You are immune to unholy pain and torment.
Your maximum health is greatly increased.
Your equipment is partially melded.
((You have sharp fingernails.))
You regenerate magic rapidly.


Message History

You are no longer poisoned.
The adder bites you.
A bat comes into view.
The adder bites you. The worm barely misses you. The adder bites you.
You are poisoned.
The adder poisons you!
You feel sick.
You feel sick.
You feel sick. The adder bites you.
* * * LOW HITPOINT WARNING * * *
You are lethally poisoned!
The adder poisons you!
* * * LOW HITPOINT WARNING * * *
You feel sick.
* * * LOW HITPOINT WARNING * * *
You feel sick.
You feel yourself speed up.
* * * LOW HITPOINT WARNING * * *
You feel sick. The adder bites you.
* * * LOW HITPOINT WARNING * * *
You block the adder's attack.
It was a potion of brilliance.
You feel clever all of a sudden.
* * * LOW HITPOINT WARNING * * *
You feel sick. You block the adder's attack.
It was a potion of attraction.
You feel attractive to monsters.
* * * LOW HITPOINT WARNING * * *
You feel sick.
It was a potion of lignification.
You turn into a tree.
Your +0 ring mail melds into your body.
Your roots penetrate the ground.
The adder bites you but does no damage. The worm is pulled toward you!
It was a potion of might.
You feel very mighty all of a sudden.
* * * LOW HITPOINT WARNING * * *
You feel sick. The adder barely misses you.
You closely miss the adder.
The adder is heavily wounded.
You die...

##.# #......# ##.# #.#
######.# #.# #.# #.# #.# #(#
#####.### #.# ## #.#
#.......# #.######### .# #.#
#.#.#...#####.........# .##
#.#####.#.#.........##.#.##.#
..#
#.......).#..######.##.#.##.#
..# #######.#..w♣#
#.........##.# ..# #....S.#
#.##.##.#.##.# ..# ##...###
#.##....#.##.# #.## #...#
#.##.......... #..# #...#
#.##.##.###### ##.# #...#
#.......# ##.###### #...#
####.#### ### (.......# #...#
#.# #.. ................. #.#
#####..


You could see a worm and an adder.

Vanquished Creatures
  2 adders (D:2)
  A worm (D:2)
  A dart slug (D:5)
  2 orcs
  2 bats (D:1)
  2 endoplasms (D:1)
  4 goblins
  4 hobgoblins
  8 jackals
  5 kobolds
  2 quokkas
  9 ball pythons
  7 frilled lizards
  5 rats
54 creatures vanquished.

Notes
Turn   | Place    | Note
-------+----------+-------------------------------------------
     0 | D:5      | flotson the Demonspawn Delver began the quest for the Orb.
     0 | D:5      | Reached XP level 1. HP: 18/18 MP: 1/1
    31 | D:5      | Noticed a black bear
   388 | D:5      | Noticed an iguana
   449 | D:3      | Noticed an orc priest
   449 | D:3      | Noticed an orc priest
   466 | D:4      | Noticed an orc priest
   466 | D:4      | Noticed an orc priest
   554 | D:4      | Gained mutation: You regenerate magic rapidly. [demonic
                  | ancestry]
   554 | D:4      | Reached XP level 2. HP: 7/24 MP: 2/2
  1075 | D:1      | Found Vonwek's Antique Armour Emporium.
  1405 | D:1      | Reached XP level 3. HP: 29/29 MP: 3/3
  1464 | D:1      | Reached skill level 1 in Armour
  1554 | D:1      | Reached skill level 1 in Axes
  1674 | D:1      | Found a faded altar of an unknown god.
  3200 | D:2      | Gained mutation: You have sharp fingernails. [demonic
                  | ancestry]
  3200 | D:2      | Reached XP level 4. HP: 30/35 MP: 4/4
  3208 | D:2      | Reached skill level 1 in Shields
  3448 | D:2      | Found Omeup's General Store.
  3595 | D:2      | HP: 1/35 [poisoned by an adder]
  3598 | D:2      | Succumbed to an adder's poison

Illustrated notes

Levels and vault maps discovered:
D:1:      dpeg_arrival_three_smaller_balls, layout_basic,
          ebering_ecumenical_altar_sacrificial, serial_shops,
          nicolae_shop_crystal
D:2:      layout_loops_cross, serial_shops, shop_statue
D:3:      minmay_diamond_boxcup, layout_loops_ring, minmay_box_of_dots
D:4:      layout_loops_cross, minivault_19
D:5:      layout_loops_corners

Skill      XL: |  1  2  3  4 |
---------------+-------------+-----
Dodging        | 2 |  2.3
Armour         | 1 |  1.3
Axes           | 1 |  1.2
Shields        | 1 |  1.0
Fighting       | |  3.3
Polearms       | |  1.7
Stealth        | |  4.8

Action                   |  1- 3 |  4- 6 || total
-------------------------+-------+-------++-------
Melee: Spear             |   104 |    50 ||   154
 Fire: Hunting sling     |    94 |       ||    94
  Use: Scroll            |     1 |       ||     1
       Potion            |       |     5 ||     5
 Stab: Sleeping          |     2 |       ||     2
Armor: Ring mail         |    53 |    19 ||    72
       Leather armour    |     1 |       ||     1
       Skin              |       |     1 ||     1
Dodge: Dodged            |    36 |    16 ||    52
Block: Tower shield      |    62 |    35 ||    97

Table legend: (Time is in decaauts)
 A = Elapsed time spent in this place.
 B = Non-inter-level travel time spent in this place.
 C = Inter-level travel time spent in this place.
 D = Time resting spent in this place.
 E = Time spent auto-exploring this place.
 F = Levels seen in this place.
 G = Mean time per level.
                   A        B        C        D        E       F      G
               +--------+--------+--------+--------+--------+-----+--------+
         Total |   3718 |   3617 |    101 |    627 |   2167 |   5 |  743.6 |
       Dungeon |   3718 |   3617 |    101 |    627 |   2167 |   5 |  743.6 |
               +--------+--------+--------+--------+--------+-----+--------+

Top non-repeatable levels by time:
     D:1: 1651 daAuts
     D:2: 1215 daAuts
     D:5: 393 daAuts
     D:4: 370 daAuts
     D:3: 87 daAuts
